[Event "KAZ-ch Women 2019"]
[Site "Almaty"]
[Date "2019.04.29"]
[Round "9.5"]
[White "Nasybullina, Alfia"]
[Black "Ankudinova, Yelena"]
[Result "1-0"]
[ECO "D20"]
[WhiteElo "2065"]
[BlackElo "2099"]
[Annotator "NA RC"]
[PlyCount "75"]
[EventDate "2019.04.21"]
[EventType "tourn"]
[EventCountry "KAZ"]
[SourceTitle "playchess.com"]
[Source "ChessBase"]
[SourceQuality "1"]
[TimeControl "40/5400+30:1800+30"]

1. d4 d5 2. c4 dxc4 3. e3 Nf6 4. Bxc4 a6 5. Nf3 b5 6. Bb3 e6 7. O-O Bb7 8. a4 b4 9. Nbd2 c5 10. a5 {[%emt 0:01:31] D27: Queen's Gambit Accepted: Classical main line: 7 e4!? and 7 a4} (10. e4 Nc6 11. e5 Nd5 12. dxc5 Bxc5 13. Ne4 Be7 14. Bg5 O-O 15. Nd6 Rb8 16. Bxd5 exd5 17. Bxe7 Nxe7 18. Qd3 {0-1 (60) Melkumyan,H (2642)-Postny,E (2651) Sarajevo 2012}) 10... Nc6 11. Nc4 Qc7 12. Qe2 $146 ({Predecessor:} 12. e4 Nxd4 13. Nxd4 cxd4 14. e5 Nd7 15. Qxd4 Qc6 {1-0 (25) Kasperkiewicz,P (1927)-Safanowski,T (1829) Warsaw 2019}) 12... Rd8 13. Bd2 Be7 $1 14. Rfc1 O-O 15. h3 Ne4 16. Bc2 Nxd2 17. Qxd2 cxd4 18. exd4 Bf6 19. Ne3 Qe7 20. d5 g6 ({Black should try} 20... Ne5 $15 21. Nxe5 Bxe5) 21. Bb3 Ne5 22. Nxe5 $1 Bxe5 23. Re1 Bc7 24. Qd4 h5 25. Rad1 Qd6 26. g3 Bxa5 {[%emt 0:06:47] [#]} (26... Rfe8 $11 {remains equal.}) 27. Qh4 $1 exd5 28. Bxd5 Qb8 {[%emt 0:01:17] [#]} 29. Qg5 $1 Bxd5 30. Nxd5 Qb5 $2 (30... Kg7 $16 {is a better defense.}) 31. Re5 ({Less strong is} 31. Nf6+ Kg7 $16) 31... Kg7 (31... Bc7 $142 32. Ne7+ Kg7 33. Rxb5 Rxd1+ 34. Kg2 axb5 35. Nf5+ Kg8) 32. Qf6+ Kh7 33. Rd4 Qc5 34. Qf4 Rd6 35. Nf6+ {[%emt 0:01:18] Discovered Attack} Rxf6 36. Qxf6 Qc1+ (36... Qxd4 $142 37. Rxh5+ {[%mdl 64] Discovered Attack} gxh5 38. Qxd4 Kg8) 37. Kg2 $18 Bc7 {[%emt 0:01:36] [#]} 38. Re7 $1 1-0